 Dungeon Crawl Stone Soup version 0.17.0-28-g6e173f8 (webtiles) character file.

71 dohliylev the Sneak (level 4, -6/33 HPs)
             Began as a Vampire Assassin on Nov 23, 2015.
             Mangled by a river rat (7 damage)
             ... on level 5 of the Dungeon.
             The game lasted 00:13:00 (1517 turns).

dohliylev the Sneak (Vampire Assassin)              Turns: 1517, Time: 00:13:00

Health: -6/33      AC:  3    Str: 10    XL:     4   Next: 5%
Magic:  4/4        EV: 12    Int: 13    God:
Gold:   12         SH:  0    Dex: 16    Spells: 0 memorised, 3 levels left

rFire  . . .     SeeInvis +     a - +2 dagger
rCold  + . .     Clarity  .     c - +0 robe
rNeg   + + .     SustAt   .     (no shield)
rPois  +         Gourm    .     (no helmet)
rElec  .         Spirit   .     d - +0 cloak
rCorr  .         Warding  .     (no gloves)
rMut   +         Stasis   .     (no boots)
MR     .....                    n - amulet of resist mutation
Stlth  ++++......               (no ring)
                                (no ring)

@: regenerating slowly, not resistant to hostile enchantments, stealthy
A: fangs 3, see invisible, unbreathing
a: Bat Form


You were on level 5 of the Dungeon.
You were very thirsty.

You visited 1 branch of the dungeon, and saw 4 of its levels.
You also visited: Sewer.

You collected 12 gold pieces.

Inventory:

Hand Weapons
 a - a +2 dagger (weapon)
 b - a +0 blowgun
Missiles
 e - 7 poisoned needles
 f - 2 curare-tipped needles
 m - 4 needles of paralysis
Armour
 c - a +0 robe (worn)
 d - a +0 cloak (worn)
Jewellery
 n - an amulet of resist mutation (around neck)
Scrolls
 l - 3 scrolls of identify {unknown}
 p - a scroll of immolation {unknown}
Potions
 g - 12 potions of blood
 h - a potion of agility {unknown}
 i - a potion of lignification {unknown}
 j - a potion of might {unknown}
 k - 2 potions of curing {unknown}
 o - a potion of flight {unknown}


   Skills:
 + Level 2.0 Fighting
 + Level 2.5 Short Blades
 + Level 1.9 Throwing
 + Level 1.9 Dodging
 * Level 7.4 Stealth


You had 3 spell levels left.
You didn't know any spells.

Dungeon Overview and Level Annotations

Branches:
Dungeon (5/15)
 Temple: D:4-7

Altars:
Ru
Sif Muna
Xom


Innate Abilities, Weirdness & Mutations

You heal slowly.
You have razor-sharp teeth.
You have supernaturally acute eyesight.
You can survive without breathing.


Message History

The river rat is moderately wounded.
The river rat bites you.
* * * LOW HITPOINT WARNING * * *
You closely miss the river rat.
The river rat is moderately wounded.
The river rat bites you.
* * * LOW HITPOINT WARNING * * *
You hit the river rat but do no damage.
The river rat is moderately wounded.
The river rat bites you.
* * * LOW HITPOINT WARNING * * *
You hit the river rat but do no damage.
The river rat is moderately wounded.
You hit the river rat but do no damage.
The river rat is moderately wounded.
The river rat closely misses you.
You hit the river rat but do no damage.
The river rat is moderately wounded.
The river rat bites you!
You die...

### #≈# #@# #r# #≈#
## #≈# ..$ #≈# ....
#≈# ..... #≈#
......#≈# ####
........########..#


You could see a river rat.

Vanquished Creatures
  A hound skeleton (D:4)
  An adder (D:5)
  A river rat (Sewer)
  4 bats (D:1)
  7 goblins
  6 hobgoblins
  3 jackals (D:5)
  3 giant cockroaches (D:1)
  2 giant newts (D:1)
  A jackal zombie (D:5)
  6 kobolds (D:1)
  6 rats
41 creatures vanquished.

Notes
Turn   | Place    | Note
--------------------------------------------------------------
     0 | D:1      | dohliylev the Vampire Assassin began the quest for the Orb.
     0 | D:1      | Reached XP level 1. HP: 16/16 MP: 1/1
   154 | D:1      | Reached skill level 6 in Stealth
   259 | D:1      | Reached XP level 2. HP: 13/22 MP: 2/2
   508 | D:1      | Reached skill level 7 in Stealth
   701 | D:1      | Reached XP level 3. HP: 9/27 MP: 3/3
   821 | D:2      | Found a sacrificial altar of Ru.
   841 | D:2      | You fall through a shaft for 2 floors!
  1324 | D:5      | Entered Level 5 of the Dungeon
  1354 | D:5      | Found a shimmering altar of Xom.
  1405 | D:5      | Found a deep blue altar of Sif Muna.
  1475 | D:5      | Found a glowing drain.
  1491 | Sewer    | Entered a sewer
  1493 | Sewer    | Reached XP level 4. HP: 28/33 MP: 4/4
  1514 | D:5      | HP: 1/33 [river rat (3)]
  1517 | D:5      | Mangled by a river rat

Action                   |  1- 3 |  4- 6 || total
-------------------------+-------+-------++-------
Melee: Dagger            |   116 |    17 ||   133
 Fire: Blowgun           |    16 |       ||    16
 Abil: End Transformatio |     2 |       ||     2
       Bat Form          |     2 |       ||     2
 Stab: Sleeping          |    13 |       ||    13
       Distracted        |     2 |       ||     2
